 Dungeon Crawl Stone Soup version 0.31-a0-267-g3fc6992b3b (webtiles) character file.

Game seed: 10462102470191591908

65 qw the Shooter (level 3, -2/29 HPs)
             Began as a Minotaur Hexslinger on July 13, 2023.
             Succumbed to a goblin's poison
             ... on level 2 of the Dungeon.
             The game lasted 00:00:18 (484 turns).

qw the Shooter (Minotaur Hexslinger)                 Turns: 484, Time: 00:00:19

Health: -2/29      AC:  4    Str: 12    XL:     3   Next: 92%
Magic:  3/3        EV: 12    Int: 10    God:
Gold:   81         SH:  0    Dex: 14    Spells: 3/4 levels left

rFire   . . .        Y - +1 sling (flame)
rCold   + . .        (no shield)
rNeg    . . .        f - +2 robe {rC+}
rPois   .            (helmet restricted)
rElec   .            (no cloak)
rCorr   .            (no gloves)
SInv    .            (no boots)
Will    .....        e - amulet of the acrobat
Stlth   +            (no ring)
HPRegen 0.24/turn    (no ring)
MPRegen 0.08/turn

%: acrobat
@: lethally poisoned (-2 -> -26)
A: horns 2, retaliatory headbutt
a: no special abilities


You were on level 2 of the Dungeon.
You visited 1 branch of the dungeon, and saw 2 of its levels.

You collected 81 gold pieces.


Innate Abilities, Weirdness & Mutations

You have a pair of horns on your head.
You reflexively headbutt those who attack you in melee.


   Skills:
 - Level 2.1 Fighting
 + Level 4.4 Ranged Weapons
 - Level 2.1 Dodging
 - Level 1.0 Spellcasting
 - Level 2.0 Hexes


You had 3 spell levels left.
You knew the following spells:

 Your Spells              Type           Power      Damage    Failure   Level
a - Slow                  Hex            16%        N/A       16%         1

Your spell library contained the following spells:

 Spells                   Type           Power      Damage    Failure   Level
 Inner Flame              Hex/Fire       2%         N/A       56%         3
 Portal Projectile        Hex/Tloc       4%         N/A       56%         3
 Cause Fear               Hex            2%         N/A       83%         4

Inventory:

Hand Weapons
 Y - a +1 sling of flaming (weapon)
Armour
 f - a +2 robe of cold resistance (worn)
Jewellery
 e - an amulet of the acrobat (around neck)
Scrolls
 a - a scroll of blinking {unknown}
 h - a scroll of identify
Potions
 b - a potion of curing {unknown}
 g - a potion of magic {unknown}
 i - a potion of haste {unknown}

Dungeon Overview and Level Annotations

Branches:
Dungeon (2/15)

Altars:

Shops:
D:1 =

Annotations:
D:2 Robin


Message History

You hear a shout!
You shoot a sling bullet. The sling bullet hits the goblin!
The sling bullet burns the goblin.
You kill the goblin!
You shoot a sling bullet.
The sling bullet barely misses the hobgoblin.
The sling bullet hits the goblin.
The sling bullet burns the goblin.
You kill the goblin!
Robin throws the goblin at you!
You shoot a sling bullet. The sling bullet hits the hobgoblin.
The sling bullet burns the hobgoblin.
You kill the hobgoblin!
The goblin closely misses you. The goblin hits you but does no damage.
You are poisoned.
The goblin misses you.
You shoot a sling bullet.
The sling bullet barely misses the goblin.
You feel very sick. The goblin hits you but does no damage.
The goblin barely misses you.
You shoot a sling bullet. The sling bullet hits the goblin!
The sling bullet burns the goblin.
You kill the goblin!
You feel sick.
The goblin hits you with a +0 dagger of venom.
You are more poisoned.
The goblin hits you with a +0 dagger.
You shoot a sling bullet. The sling bullet hits the goblin.
The sling bullet burns the goblin.
The goblin is severely wounded.
You feel very sick. The goblin hits you with a +0 club. The goblin misses you.
You furiously retaliate!
You headbutt the goblin.
You kill the goblin!
The goblin hits you with a +0 dagger of venom.
You are more poisoned.
The goblin hits you with a +0 dagger.
You shoot a sling bullet. The sling bullet hits the goblin.
The sling bullet burns the goblin.
You kill the goblin!
You die...

#.##.........###
#.#######....# ....)..
#.# #....# ......S #.#
#....# ....... #.#
#....####....... #.#
#....#..........
#.#######....#..........
#..%.........'gg).......
#.##########.#.@)g......
#.# #.####g)..... #.#
#.# ....... ### #..
....... ### g..#### .g..


gggg. ...... You could see Robin and 3 goblins.

Vanquished Creatures
  Jessica (D:2)
  A worm (D:2)
  A dart slug (D:1)
  A ball python (D:1)
  5 bats
  3 endoplasms (D:1)
  A giant cockroach (D:2)
  8 goblins
  4 hobgoblins
  2 quokkas (D:1)
  3 kobolds (D:1)
  A rat (D:1)
31 creatures vanquished.

Notes
Turn   | Place    | Note
-------+----------+-------------------------------------------
     0 | D:1      | qw the Minotaur Hexslinger began the quest for the Orb.
     0 | D:1      | Reached XP level 1. HP: 16/16 MP: 1/1
     0 | D:1      | 0 ||| qw: Version: 0.3-a-52-g30416fa
     0 | D:1      | 0 ||| qw: Game counter: 7697
     0 | D:1      | 0 ||| qw: Melee chars always use a shield: true
     0 | D:1      | 0 ||| qw: God list: Okawaru
     0 | D:1      | 0 ||| qw: Allow faded altars: false
     0 | D:1      | 0 ||| qw: Do Orc after clearing Dungeon:15 true
     0 | D:1      | 0 ||| qw: Do second Lair branch before Depths: true
     0 | D:1      | 0 ||| qw: Lair rune preference: random
     0 | D:1      | 0 ||| qw: Goals: Normal
     0 | D:1      | 0 ||| PLANNING D:1-11
   105 | D:1      | Reached skill level 3 in Ranged Weapons
   105 | D:1      | Reached XP level 2. HP: 23/23 MP: 2/2
   231 | D:1      | Found Utaedosaask's Jewellery Boutique.
   246 | D:1      | 246 ||| SHOPLISTING +6 ring of dexterity (504 gold, have
                  | 77).
   246 | D:1      | 246 ||| SHOPLISTING amulet of reflection (420 gold, have
                  | 77).
   246 | D:1      | 246 ||| SHOPLISTING amulet of regeneration (420 gold, have
                  | 77).
   246 | D:1      | 246 ||| SHOPLISTING ring of fire (350 gold, have 77).
   246 | D:1      | 246 ||| SHOPLISTING ring of ice (350 gold, have 77).
   246 | D:1      | 246 ||| SHOPLISTING ring of protection from cold (350 gold,
                  | have 77).
   246 | D:1      | 246 ||| SHOPLISTING ring of resist corrosion (280 gold,
                  | have 77).
   354 | D:1      | 354 ||| UPGRADING to +2 robe of cold resistance.
   364 | D:1      | 364 ||| DROPPING +0 robe.
   365 | D:1      | 365 ||| UPGRADING to amulet of the acrobat.
   370 | D:1      | 370 ||| READING scroll labelled VUZ JEWENUSAXZED.
   371 | D:1      | 371 ||| READING 2 scrolls labelled BOCKOU PIARAPN.
   372 | D:1      | 372 ||| READING scroll labelled LIFONNA XIOHELL.
   373 | D:1      | 373 ||| DROPPING scroll of poison.
   425 | D:2      | Reached XP level 3. HP: 29/29 MP: 3/3
   447 | D:2      | Noticed Jessica
   454 | D:2      | Killed Jessica
   455 | D:2      | Reached skill level 4 in Ranged Weapons
   472 | D:2      | Noticed Robin
   473 | D:2      | 473 ||| Stepping ~*~*~tactically~*~*~ (outnumbered).
   475 | D:2      | 475 ||| Stepping ~*~*~tactically~*~*~ (outnumbered).
   483 | D:2      | HP: 6/29 [goblin/+0 dagger of venom[Robin] (2)]
   484 | D:2      | Succumbed to a goblin's poison

Levels and vault maps discovered:
D:1:      nzn_arrival_water_spiral, layout_rooms, serial_shops, shop
D:2:      layout_basic, nicolae_the_louvre, uniq_natasha, uniq_robin,
          uniq_jessica

Skill      XL: |  1  2  3 |
---------------+----------+-----
Ranged Weapons | 3 4 |  4.4
Fighting       | 2 |  2.1
Dodging        | |  2.1
Spellcasting   | |  1.0
Hexes          | |  2.0

Action                     || total
---------------------------++-------
   Fire: Sling             ||    69
    Use: Scroll            ||     3
 Armour: Robe              ||     8
  Dodge: Dodged            ||    20

Table legend:
 A = Non-vault XP
 B = Vault XP
 C = Vault XP percentage of total XP
 D = Non-vault monster count
 E = Vault monster count
 F = Vault count percentage of total count
                 A         B        C        D         E       F
            +---------+---------+-------+---------+---------+-------
      Total |      42 |      53 |  55.8 |      22 |       9 |  29.0
            +---------+---------+-------+---------+---------+-------
        D:1 |      33 |       0 |   0.0 |      18 |       0 |   0.0
        D:2 |       9 |      53 |  85.5 |       4 |       9 |  69.2
            +---------+---------+-------+---------+---------+-------
